 Dungeon Crawl Stone Soup version 0.26.1-11-gd32895ea62 (webtiles) character file.

Game seed: 17902265937634684900

113 Exodus22XD the Chopper (level 4, -5/34 HPs)
             Began as a Demonspawn Gladiator on June 6, 2021.
             Blown up by Ijyb (19 damage)
             ... with a disintegration bolt
             ... on level 3 of the Dungeon.
             The game lasted 00:01:33 (2596 turns).

Exodus22XD the Chopper (Demonspawn Gladiator)       Turns: 2596, Time: 00:01:34

Health: -5/34      AC:  5    Str: 16    XL:     4   Next: 65%
Magic:  4/4        EV: 18    Int:  9    God:
Gold:   49         SH:  0    Dex: 14    Spells: 3/3 levels left

rFire    . . .     SeeInvis .   a - +0 war axe
rCold    . . .     Faith    .   (no shield)
rNeg     . . .     Spirit   .   b - +0 leather armour
rPois    .         Reflect  .   c - +0 helmet
rElec    .         Harm     .   (no cloak)
rCorr    .         Rampage  .   t - +0 pair of gloves
Will     .....                  (no boots)
Stlth    +.........             (no amulet)
HPRegen  0.11/turn              (no ring)
MPRegen  0.09/turn              (no ring)

@: agile
A: powered by pain 2
a: no special abilities


You were on level 3 of the Dungeon.
You visited 1 branch of the dungeon, and saw 3 of its levels.

You collected 49 gold pieces.

Inventory:

Hand Weapons
 a - a +0 war axe (weapon)
Missiles
 d - 3 throwing nets (quivered)
Armour
 b - a +0 leather armour (worn)
 c - a +0 helmet (worn)
 t - a +0 pair of gloves (worn)
Scrolls
 h - a scroll of noise {unknown}
 i - 2 scrolls of identify {unknown}
 k - a scroll of teleportation {unknown}
 m - 3 scrolls of remove curse {unknown}
 n - a scroll of fog {unknown}
 o - a scroll of magic mapping {unknown}
 p - a scroll of enchant weapon {unknown}
 r - a scroll of enchant armour {unknown}
Potions
 e - 3 potions of curing
 f - 2 potions of magic {unknown}
 g - a potion of degeneration {unknown}
 j - a potion of haste {unknown}
 l - a potion of might {unknown}
 q - a potion of heal wounds {unknown}
 s - a potion of flight {unknown}


   Skills:
 + Level 2.3 Fighting
 + Level 3.7 Axes
 - Level 1.7 Throwing
 * Level 2.0 Armour
 + Level 3.2 Dodging


You had 3 spell levels left.
You didn't know any spells.
Your spell library was empty.

Dungeon Overview and Level Annotations

Branches:
Dungeon (3/15)

Altars:

Annotations:
D:3 Ijyb


Innate Abilities, Weirdness & Mutations

You sometimes gain power by taking damage.


Message History

A rat is nearby!
You slash the rat!
You kill the rat!
Ijyb the Twisted Goblin comes into view.
She is carrying a wand of disintegration (19).
Found 11 bolts.
You see here a +0 club.
Ijyb is nearby!
Ijyb zaps a wand.
You are blasted!
Ouch! That really hurt!
* * * LOW HITPOINT WARNING * * *
You focus on the pain.
You feel agile all of a sudden.
Ijyb is nearby!
You are too injured to fight recklessly!
Ijyb is nearby!
You are too injured to fight recklessly!
You are too injured to fight recklessly!
It was a potion of curing.
You feel better.
Ijyb zaps a wand.
You are blasted!
Ouch! That really hurt!
You die...

.. #'# #.# #.#
#######.##
#...g....##
###@....#
#...)...#
.....#.#.#.#
##(....#.# ..
#######.# # #.#
#.# #.# #######
#.########......


You could see Ijyb.

Vanquished Creatures
  Natasha (D:3)
  3 adders (D:2)
  A worm (D:3)
  2 dart slugs
  3 leopard geckos (D:1)
  A ball python (D:1)
  4 giant cockroaches
  6 goblins
  7 hobgoblins
  2 jackals (D:1)
  4 kobolds
  A quokka (D:3)
  7 bats
  5 frilled lizards
  4 rats
51 creatures vanquished.

Notes
Turn   | Place    | Note
-------+----------+-------------------------------------------
     0 | D:1      | Exodus22XD the Demonspawn Gladiator began the quest for the
                  | Orb.
     0 | D:1      | Reached XP level 1. HP: 16/16 MP: 1/1
   341 | D:1      | Gained mutation: You sometimes gain a little power by
                  | taking damage. [demonic ancestry]
   341 | D:1      | Reached XP level 2. HP: 22/22 MP: 2/2
   808 | D:1      | Reached XP level 3. HP: 26/27 MP: 3/3
  1176 | D:2      | Reached skill level 1 in Armour
  1269 | D:2      | Gained mutation: You sometimes gain power by taking damage.
                  | [demonic ancestry]
  1269 | D:2      | Reached XP level 4. HP: 16/33 MP: 4/4
  2157 | D:3      | Noticed Natasha
  2164 | D:3      | Killed Natasha
  2593 | D:3      | Noticed Ijyb
  2596 | D:3      | Blown up by Ijyb

Illustrated notes

Levels and vault maps discovered:
D:1:      matt_arrival_los_fun, layout_basic, minmay_misc_feat_four_crosses
D:2:      layout_basic
D:3:      layout_loops_corners, chequers_ecumenical_altar_simple_redux, tgw_sif,
          uniq_natasha, uniq_ijyb

Skill      XL: |  1  2  3  4 |
---------------+-------------+-----
Axes           | 3 |  3.7
Dodging        | 3 |  3.2
Armour         | 1 2 |  2.0
Fighting       | |  2.3
Throwing       | |  1.7

Action                   |  1- 3 |  4- 6 || total
-------------------------+-------+-------++-------
Melee: War axe           |    99 |    53 ||   152
  Use: Potion            |       |     1 ||     1
Armor: Leather armour    |    40 |    18 ||    58
Dodge: Dodged            |    72 |    34 ||   106
